 Dungeon Crawl Stone Soup version 0.25.0-15-gac7dcb8919 (webtiles) character file.

Game seed: 6854397306662050977

173040 protoss039 the Sorcerer (level 17, -6/126 HPs)
             Began as a Deep Elf Earth Elementalist on June 28, 2020.
             Was a High Priest of Vehumet.
             Shot with an arrow by a deep elf archer (8 damage)
             ... on level 2 of the Elven Halls.
             The game lasted 02:17:03 (39127 turns).

protoss039 the Sorcerer (DEEE)                     Turns: 39127, Time: 02:17:04

Health: -6/126     AC: 34    Str:  5    XL:     17   Next: 42%
Magic:  1/45       EV: 17    Int: 30    God:    Vehumet [*****.]
Gold:   592        SH:  0    Dex: 15    Spells: 14/61 levels left

rFire    + . .     SeeInvis +   C - +1 war axe of the Feather {pain, rElec rC+ MR+ Int-4}
rCold    + + .     Gourm    .   (no shield)
rNeg     + . .     Faith    .   (armour currently unavailable)
rPois    ∞         Spirit   .   F - +2 helmet {SInv}
rElec    +         Reflect  .   s - +1 cloak of Starlight {rElec rC+ EV+4 Stlth--}
rCorr    .         Harm     .   (gloves currently unavailable)
MR       ++...                  (boots currently unavailable)
Stlth    ..........             m - amulet of the acrobat
HPRegen  0.31/turn              B - +6 ring of intelligence
MPRegen  0.29/turn              z - ring of protection from fire

@: statue-form, very slow
A: no striking features
a: End Transformation, Renounce Religion


You were on level 2 of the Elven Halls.
You worshipped Vehumet.
Vehumet was extremely pleased with you.
You were hungry.
You were a stone statue.
You visited 5 branches of the dungeon, and saw 26 of its levels.
You also visited: Volcano.

You collected 2764 gold pieces.
You spent 2172 gold pieces at shops.

Inventory:

Hand Weapons
 C - the +1 war axe of the Feather (weapon) {pain, rElec rC+ MR+ Int-4}
   (You found it on level 3 of the Lair of Beasts)

   In the hands of one skilled in necromantic magic, it inflicts extra damage on
   living creatures.
   It affects your intelligence (-4).
   It protects you from cold.
   It insulates you from electricity.
   It affects your resistance to hostile enchantments.
Missiles
 n - 336 stones (quivered)
Armour
 s - the +1 cloak of Starlight (worn) {rElec rC+ EV+4 Stlth--}
   (You found it on level 2 of the Orcish Mines)

   It affects your evasion (+4).
   It protects you from cold.
   It insulates you from electricity.
   It makes you much less stealthy.
 t - a +2 robe of magic resistance (melded)
 v - a +2 pair of boots (melded)
 F - a +2 helmet of see invisible (worn)
 I - a +2 pair of gloves (melded)
 Y - the +0 tower shield of Shielding {rPois Regen+ Str-5}
   (You found it on level 14 of the Dungeon)

   It affects your strength (-5).
   It protects you from poison.
   It increases your rate of regeneration.
Jewellery
 m - an amulet of the acrobat (around neck)
 o - a cursed ring of attention {unknown}
 z - a ring of protection from fire (right hand)
 B - a +6 ring of intelligence (left hand)
 S - an uncursed ring of positive energy
Wands
 f - a wand of acid (27)
 U - a wand of disintegration (11)
Scrolls
 a - 5 scrolls of immolation {unknown}
 e - 4 scrolls of teleportation
 h - a scroll of brand weapon {unknown}
 i - 5 scrolls of amnesia {unknown}
 j - 12 scrolls of remove curse
 k - 2 scrolls of holy word {unknown}
 r - 5 scrolls of blinking
 u - 8 scrolls of enchant armour
 w - a scroll of noise {unknown}
 A - 2 scrolls of silence {unknown}
 G - 3 scrolls of fog
 H - 6 scrolls of enchant weapon
 L - 7 scrolls of magic mapping {unknown}
 N - 4 scrolls of summoning {unknown}
 R - 4 scrolls of fear
 X - a scroll of vulnerability {unknown}
 Z - 2 scrolls of torment {unknown}
Potions
 b - a potion of curing
 c - 3 potions of mutation
 g - a potion of ambrosia
 l - 3 potions of stabbing
 p - a potion of cancellation
 q - a potion of haste {unknown}
 x - 9 potions of might
 D - a potion of heal wounds
 E - 5 potions of brilliance
 O - 2 potions of flight
 Q - a potion of lignification
 V - 4 potions of resistance
 W - 3 potions of magic
Comestibles
 d - 46 rations
 J - 4 chunks of flesh


   Skills:
 * Level 8.1 Fighting
   Level 0.1 Short Blades
 + Level 1.4 Axes
   Level 0.1(0.7) Maces & Flails
 - Level 2.4 Dodging
 - Level 2.4 Stealth
 + Level 22.9 Spellcasting
 + Level 9.1 Conjurations
 + Level 2.9 Hexes
 + Level 2.3 Transmutations
 + Level 0.1 Fire Magic
 + Level 4.3 Air Magic
 * Level 21.6 Earth Magic
 + Level 0.4 Evocations


You had 14 spell levels left.
You knew the following spells:

 Your Spells              Type           Power        Failure   Level  Hunger
a - Sandblast             Erth           ######       0%          1    None
b - Passwall              Tmut/Erth      #######.     0%          2    None
c - Stone Arrow           Conj/Erth      ######       0%          3    None
d - Petrify               Tmut/Erth      #######.     1%          4    None
e - Lee's Rapid Deconstr  Erth           ########..   0%          5    None
f - Slow                  Hex            ######..     1%          2    None
g - Airstrike             Air            ######....   1%          4    None
h - Iron Shot             Conj/Erth      #######...   1%          6    None
i - Fireball              Conj/Fire      ######....   1%          5    None
j - Shatter               Erth           ########..   3%          9    ######.
k - Statue Form           Tmut/Erth      #######..    1%          6    None

Your spell library contained the following spells:

 Spells                   Type           Power        Failure   Level  Hunger
 Conjure Ball Lightning   Conj/Air       ######....   2%          6    None
 Magic Dart               Conj           ####         0%          1    None
 Animate Skeleton         Necr           N/A          1%          1    None
 Apportation              Tloc           ####..       1%          1    None
 Foxfire                  Conj/Fire      ####         1%          1    None
 Pain                     Necr           ####         1%          1    None
 Summon Butterflies       Summ           ####....     1%          1    None
 Blink                    Tloc           N/A          1%          2    None
 Call Imp                 Summ           ####....     1%          2    None
 Searing Ray              Conj           ######       1%          2    None
 Conjure Flame            Conj/Fire      ######..     1%          3    None
 Dazzling Flash           Conj/Hex       ######       1%          3    None
 Inner Flame              Hex/Fire       #####...     1%          3    None
 Mephitic Cloud           Conj/Pois/Air  ######..     1%          3    None
 Static Discharge         Conj/Air       ######..     1%          3    None
 Tukima's Dance           Hex            ######..     1%          3    None
 Fulminant Prism          Conj/Hex       ######....   1%          4    None
 Iskenderun's Mystic Bla  Conj/Tloc      ######..     1%          4    None
 Sticky Flame             Conj/Fire      ######..     1%          4    None
 Irradiate                Conj/Tmut      ######....   1%          5    None
 Lightning Bolt           Conj/Air       ######....   1%          5    None
 Lesser Beckoning         Tloc           ####......   2%          3    None
 Recall                   Summ/Tloc      N/A          2%          3    None
 Vampiric Draining        Necr           ####......   2%          3    None
 Animate Dead             Necr           N/A          10%         4    None
 Summon Mana Viper        Hex/Summ       #####...     14%         5    None
 Alistair's Intoxication  Tmut/Pois      #####...     16%         5    None
 Agony                    Necr           ####....     26%         5    None
 Aura of Abjuration       Summ           ####......   26%         5    None
 Summon Demon             Summ           ####......   26%         5    None
 Summon Forest            Summ/Tloc      ####......   26%         5    None
 Invisibility             Hex            ######..     41%         6    None
 Hydra Form               Tmut           #####.....   47%         6    None
 Shadow Creatures         Summ           N/A          82%         6    None
 Dragon Form              Tmut           #####.....   96%         7    #......
 Ignition                 Fire           #####.....   100%        8    ####...
 Tornado                  Air            ######....   100%        9    ######.


Dungeon Overview and Level Annotations

Branches:
Dungeon (15/15)            Temple (1/1) D:7            Lair (6/6) D:10
 Shoals (0/4) Lair:2       Spider (0/4) Lair:4        Slime (0/5) Lair:6
    Orc (2/2) D:9             Elf (2/3) Orc:2        Vaults (0/5) D:14
 Depths (0/5) D:15        Volcano (visited)

Altars:
Ashenzari
Cheibriados
Dithmenos
Elyvilon
Fedhas
Gozag
Hepliaklqana
Kikubaaqudgha
Makhleb
Nemelex Xobeh
Okawaru
Qazlal
Ru
Sif Muna
Trog
Uskayaw
Vehumet
Wu Jian
Xom
Yredelemnul
Zin
The Shining One
Jiyva

Shops:
Orc:2 =[%:   Elf:1 }(}   Elf:2 ?

Annotations:
D:4 1 exclusion
D:8 2 exclusions
D:13 3 exclusions, Frances
D:14 1 exclusion
Lair:1 1 exclusion
Elf:1 2 runed translucent doors, Timpihef's ghost, adept OpAK


Message History

Confirm with . or Enter, or press ? or * to list all spells.
Aiming: Passwall (safe; 0% risk of failure)
Press: ? - help, Dir - move target cursor A translucent rock wall.
Okay, then.
The deep elf archer shoots an arrow.
The arrow closely misses you.
Casting: Passwall (safe; 0% risk of failure)
Confirm with . or Enter, or press ? or * to list all spells.
Aiming: Passwall (safe; 0% risk of failure)
Press: ? - help, Dir - move target cursor A translucent rock wall.
The deep elf archer shoots an arrow.
The arrow closely misses you.
The deep elf knight gestures at you while chanting.
The shard of ice hits you!! You partially resist.
* * * LOW HITPOINT WARNING * * *
The deep elf archer shoots an arrow.
The arrow hits you!
* * * LOW HITPOINT WARNING * * *
You begin to meditate on the wall.
You continue meditating on the rock.
The deep elf archer shoots an arrow.
The arrow hits you!
You die...

#.)..........#.#.#)..........##(.
#.........##.#.......#.#.....#(##
#............#.##......[.....(.##
.#........####.#...)#.....#...###
###).##.## #.#......)...#.(.# #
.#.#..#.# #.##.......^.#...#
#.##..#.# #.##e...#...##e..# ..#
..#.######.#.....##)##(...# ###
#.#........#8.####..##e##.# #.).
<....######.....#..##(...###
#####.##### ##...##.e...(.####.#
.# ##...........#####..#
##.....[.....(###.)...
#..........#(.##......
##..##............)...
##.#.###.#....<........ ##.##(#
##...).....#.#.#


You could see a deep elf archer (repels missiles) and a deep elf knight
(invisible).

Vanquished Creatures
  Rupert (Orc:2)
  A minotaur (Orc:2)
  Azrael (D:13)
  2 ettins
  Josephine (D:11)
  A deep elf death mage (Elf:2)
  A great orb of eyes (D:12)
  The ghost of sentinel the Cleaver, a journeyman DDFi of Makhleb (Orc:2)
  Erolcha (D:13)
  A rakshasa (D:14)
  13 hydras
  Fannar (D:12)
  2 catoblepae
  2 centaur warriors
  25 dancing weapons
  23 two-headed ogres
  6 death yaks (Lair:4)
  4 ogre magi
  A tengu warrior (D:15)
  Urug (D:13)
  Sonja (Lair:1)
  16 deep elf knights
  Nergalle (Lair:1)
  7 unseen horrors
  9 deep elf archers
  4 skeletal warriors (D:15)
  3 deep trolls
  Pikel (D:5)
  The ghost of Hyawatha the Cleaver, a novice MiAK of Lugonu (D:7)
  A lindwurm (shapeshifter) (D:14)
  An orc knight (Orc:1)
  4 lindwurms (D:8)
  8 cyclopes
  44 deep elf magi
  5 manticores
  2 orc sorcerers (Orc:2)
  2 oklob plants
  A wolf spider (Lair:6)
  16 elephants
  2 centaur zombies (D:14)
  A merfolk siren (Lair:2)
  A guardian serpent (Lair:6)
  5 black mambas
  Joseph (D:8)
  16 spiny frogs
  5 gargoyles
  A molten gargoyle (Volcano)
  2 freezing wraiths
  A rime drake (Lair:3)
  Maggie (D:7)
  An efreet (D:15)
  9 komodo dragons
  2 kobold demonologists
  14 trolls
  A tengu conjurer (D:15)
  A jumping spider (shapeshifter) (D:14)
  4 hornets
  A raiju (shapeshifter) (D:15)
  12 hippogriffs
  6 slime creatures (D:13)
  9 blink frogs
  A meliai zombie (D:14)
  5 dream sheep (Lair:6)
  2 shadows
  57 yaks
  Sigmund (D:5)
  A redback (Lair:6)
  13 wyverns
  5 wraiths (D:11)
  An air elemental (Elf:1)
  A tarantella (Lair:4)
  2 water elementals (Elf:1)
  Eustachio (D:5)
  A basilisk (Lair:1)
  5 vampire mosquitoes
  7 fire elementals
  3 hungry ghosts
  2 wargs (Orc:1)
  Menkaure (D:7)
  2 acid dragons
  22 water moccasins
  A soldier ant (D:13)
  A porcupine (shapeshifter) (D:14)
  5 hell hounds (D:13)
  12 porcupines
  5 sky beasts
  Duvessa (D:5)
  2 black bears
  18 orc warriors
  3 slaves (D:5)
  An eye of draining (D:14)
  2 ice beasts
  35 ogres
  A phantom (D:4)
  2 necrophages
  5 boggarts
  11 wolves
  15 crocodiles
  8 centaurs
  13 bullfrogs
  14 big kobolds
  2 gnoll sergeants
  5 earth elementals
  Dowan (D:5)
  3 scorpions
  5 killer bees
  12 wights
  2 howler monkeys
  11 electric eels
  8 crimson imps
  A quasit (D:8)
  4 centaur skeletons
  5 hounds
  4 jellies
  A bullfrog zombie (D:6)
  10 orc priests
  18 orc wizards
  Jessica (D:3)
  3 bullfrog skeletons
  10 iguanas
  10 worker ants
  A killer bee zombie (D:6)
  A hound zombie (D:6)
  2 hound skeletons
  2 worker ant zombies
  7 gnolls
  12 adders
  2 howler monkey skeletons
  6 shadow imps
  An adder skeleton (D:9)
  An adder zombie (D:8)
  2 worms
  A dart slug (D:3)
  8 leopard geckos
  81 orcs
  2 ball pythons
  3 giant cockroaches
  12 goblins
  5 hobgoblins
  26 jackals
  26 kobolds
  8 quokkas
  5 bats
  5 frilled lizards
  2 jackal skeletons
  A leopard gecko skeleton (D:4)
  A quokka skeleton (D:4)
  10 rats
  4 bushes (Lair:6)
  2 butterflies (Lair:6)
  2 fungi
957 creatures vanquished.

Vanquished Creatures (others)
  A jackal (D:10)
  4 bushes
  41 fungi
  64 plants
110 creatures vanquished.

Grand Total: 1067 creatures vanquished

Notes
Turn   | Place    | Note
-------+----------+-------------------------------------------
     0 | D:1      | protoss039 the Deep Elf Earth Elementalist began the quest
                  | for the Orb.
     0 | D:1      | Reached XP level 1. HP: 10/10 MP: 6/6
   644 | D:1      | Reached XP level 2. HP: 15/15 MP: 2/8
  1346 | D:2      | Reached XP level 3. HP: 18/19 MP: 6/10
  1349 | D:2      | Reached skill level 4 in Spellcasting
  1357 | D:2      | Reached XP level 4. HP: 22/24 MP: 0/12
  1621 | D:2      | Learned a level 2 spell: Passwall
  1625 | D:2      | Learned a level 3 spell: Stone Arrow
  2647 | D:3      | Reached skill level 5 in Earth Magic
  2814 | D:3      | Reached skill level 5 in Spellcasting
  2983 | D:3      | Reached XP level 5. HP: 15/28 MP: 2/14
  3361 | D:3      | Noticed Jessica
  3365 | D:3      | Killed Jessica
  3365 | D:3      | Reached skill level 1 in Conjurations
  3663 | D:4      | Noticed an ogre
  3670 | D:4      | Learned a level 4 spell: Petrify
  3676 | D:4      | Learned a level 5 spell: Lee's Rapid Deconstruction
  3800 | D:4      | Killed an ogre
  3800 | D:4      | Reached skill level 6 in Spellcasting
  3800 | D:4      | Reached XP level 6. HP: 32/32 MP: 7/17
  3915 | D:4      | Learned a level 2 spell: Slow
  4153 | D:4      | Found a shimmering altar of Xom.
  4159 | D:4      | Found a glowing golden altar of the Shining One.
  4164 | D:4      | Reached skill level 7 in Spellcasting
  4164 | D:4      | Reached XP level 7. HP: 34/36 MP: 10/19
  4249 | D:4      | Reached skill level 1 in Hexes
  5083 | D:4      | Reached skill level 8 in Spellcasting
  5180 | D:4      | You fall into a shaft and drop 2 floors!
  5335 | D:5      | Entered Level 5 of the Dungeon
  5520 | D:5      | Noticed Eustachio
  5686 | D:5      | Reached XP level 8. HP: 41/41 MP: 9/22
  5708 | D:5      | Reached skill level 9 in Spellcasting
  5743 | D:5      | Noticed Sigmund
  5897 | D:5      | Killed Sigmund
  6021 | D:5      | Found a glowing silver altar of Zin.
  6053 | D:5      | Killed Eustachio
  6060 | D:5      | Reached skill level 10 in Spellcasting
  6258 | D:5      | Noticed Duvessa
  6280 | D:5      | Killed Duvessa
  6387 | D:5      | Noticed Dowan
  6395 | D:5      | Killed Dowan
  6579 | D:5      | Noticed Pikel
  6581 | D:5      | Killed Pikel
  6581 | D:5      | Reached skill level 11 in Spellcasting
  6581 | D:5      | Reached XP level 9. HP: 45/45 MP: 3/26
  6775 | D:5      | Found a hide-covered altar of Uskayaw.
  6776 | D:5      | Found a sacrificial altar of Ru.
  6847 | D:5      | Found a shimmering blue altar of Sif Muna.
  6936 | D:6      | Found a shimmering blue altar of Sif Muna.
  7869 | D:7      | Reached skill level 12 in Spellcasting
  7949 | D:7      | Noticed Maggie
  7969 | D:7      | Killed Maggie
  7982 | D:7      | Reached skill level 10 in Earth Magic
  8089 | D:7      | Noticed Menkaure
  8100 | D:7      | Killed Menkaure
  8346 | D:7      | Reached skill level 13 in Spellcasting
  8657 | D:7      | Found a runed translucent gate.
  8657 | D:7      | Found a runed translucent gate.
  8658 | D:7      | Found a runed translucent gate.
  8659 | D:7      | Identified the +5 short sword of Mandamus {chaos, *Rage
                  | +Blink rPois rC+++}
  8660 | D:7      | Noticed a kobold demonologist
  8661 | D:7      | Noticed Hyawatha's ghost (novice MiAK)
  8678 | D:7      | Found a staircase to the Ecumenical Temple.
  8706 | Temple   | Entered the Ecumenical Temple
  8800 | Temple   | Became a worshipper of Vehumet
  8828 | D:7      | Reached XP level 10. HP: 50/50 MP: 23/29
  8887 | D:7      | Killed Hyawatha's ghost
  9563 | D:8      | Reached skill level 14 in Spellcasting
  9798 | D:8      | Got a pitted flail
  9799 | D:8      | Identified the cursed +0 flail of Innocence {protect, Str+7
                  | Int+4} (You found it on level 8 of the Dungeon)
  9843 | D:8      | Reached * piety under Vehumet
  9843 | D:8      | Offered knowledge of Freeze by Vehumet.
 10021 | D:8      | Noticed a lindwurm
 10091 | D:8      | Noticed Joseph
 10094 | D:8      | Killed Joseph
 10643 | D:8      | Noticed a lindwurm
 10643 | D:8      | Noticed a lindwurm
 10644 | D:8      | Noticed a lindwurm
 10649 | D:8      | Killed a lindwurm
 10654 | D:8      | Killed a lindwurm
 10654 | D:8      | Reached skill level 15 in Spellcasting
 11104 | D:9      | Reached XP level 11. HP: 51/54 MP: 6/32
 11268 | D:9      | Found a shadowy altar of Dithmenos.
 12299 | D:9      | Found a staircase to the Orcish Mines.
 12586 | D:9      | Offered knowledge of Shock by Vehumet.
 12588 | D:9      | Reached ** piety under Vehumet
 12753 | D:10     | Entered Level 10 of the Dungeon
 13350 | D:10     | Found an opulent altar of Gozag.
 13374 | D:10     | Reached skill level 16 in Spellcasting
 13527 | D:10     | Offered knowledge of Static Discharge by Vehumet.
 13662 | D:10     | Reached *** piety under Vehumet
 13669 | D:10     | Found a staircase to the Lair.
 13700 | D:10     | Got a dazzling leather armour
 13800 | D:10     | Identified the cursed +0 leather armour of Veceff {+Blink
                  | MR+} (You found it on level 10 of the Dungeon)
 13873 | D:10     | You fall into a shaft and drop 2 floors!
 13873 | D:12     | Noticed a great orb of eyes
 13887 | D:12     | Killed a great orb of eyes
 14173 | D:12     | Offered knowledge of Frozen Ramparts by Vehumet.
 14371 | D:12     | Reached skill level 17 in Spellcasting
 14402 | D:11     | Reached XP level 12. HP: 59/59 MP: 25/35
 14589 | D:11     | Reached **** piety under Vehumet
 15260 | D:11     | Offered knowledge of Airstrike by Vehumet.
 15269 | D:11     | Noticed a two-headed ogre
 15272 | D:11     | Killed a two-headed ogre
 15272 | D:11     | Reached skill level 5 in Conjurations
 15509 | D:11     | Found a glowing silver altar of Zin.
 15816 | D:11     | Noticed a seven-headed hydra
 15819 | D:11     | Killed a seven-headed hydra
 15819 | D:11     | Reached skill level 15 in Earth Magic
 16103 | D:11     | Noticed Josephine
 16308 | D:11     | Killed Josephine
 16308 | D:11     | Reached skill level 18 in Spellcasting
 16701 | D:11     | Learned a level 4 spell: Airstrike
 16774 | D:12     | Reached ***** piety under Vehumet
 16851 | D:12     | Offered knowledge of Iron Shot by Vehumet.
 16864 | D:12     | Learned a level 6 spell: Iron Shot
 17044 | D:12     | Noticed Fannar
 17051 | D:12     | Killed Fannar
 17364 | D:13     | Noticed Urug
 17370 | D:13     | Killed Urug
 17370 | D:13     | Reached skill level 1 in Fighting
 17710 | D:13     | Noticed Erolcha
 17714 | D:13     | Killed Erolcha
 17714 | D:13     | Reached XP level 13. HP: 65/65 MP: 30/37
 18079 | D:13     | Reached skill level 1 in Air Magic
 18578 | D:13     | Noticed Frances
 18708 | D:13     | Noticed Azrael
 18715 | D:13     | Killed Azrael
 19365 | D:14     | Got a shimmering tower shield
 19741 | D:14     | Reached skill level 19 in Spellcasting
 19756 | D:14     | Found a gate to the Vaults.
 19774 | D:14     | Got a smoking hand axe
 19775 | D:14     | Identified the +9 hand axe "Maodiutiv" {vorpal, Fragile
                  | rPois Str+5 Int+4} (You found it on level 14 of the
                  | Dungeon)
 20921 | D:15     | Entered Level 15 of the Dungeon
 21043 | D:15     | Noticed an ettin
 21051 | D:15     | Offered knowledge of Yara's Violent Unravelling by Vehumet.
 21054 | D:15     | Reached XP level 14. HP: 41/75 MP: 2/39
 21226 | D:15     | Found a staircase to the Depths.
 22635 | D:15     | Reached skill level 20 in Spellcasting
 23020 | Lair:1   | Entered Level 1 of the Lair of Beasts
 23020 | Lair:1   | Noticed Sonja
 23026 | Lair:1   | Killed Sonja
 23794 | Lair:1   | Offered knowledge of Orb of Destruction by Vehumet.
 24131 | Lair:1   | Noticed Nergalle
 24135 | Lair:1   | Killed Nergalle
 25035 | Lair:2   | Reached skill level 5 in Fighting
 25211 | Lair:2   | Reached XP level 15. HP: 82/82 MP: 26/41
 25813 | Lair:2   | Found a staircase to the Shoals.
 25986 | Lair:3   | Got a faintly glowing war axe
 26016 | Lair:3   | Identified the cursed +1 war axe of the Feather {pain,
                  | rElec rC+ MR+ Int-4} (You found it on level 3 of the Lair
                  | of Beasts)
 26474 | Lair:3   | Found an opulent altar of Gozag.
 27870 | Lair:4   | Found a hole to the Spider Nest.
 29246 | Lair:6   | Entered Level 6 of the Lair of Beasts
 29302 | Lair:6   | Found a viscous altar of Jiyva.
 29303 | Lair:6   | Found a staircase to the Slime Pits.
 29657 | Lair:6   | Learned a level 5 spell: Fireball
 30116 | Lair:6   | Reached skill level 21 in Spellcasting
 30190 | Lair:6   | Offered knowledge of Irradiate by Vehumet.
 32534 | D:8      | Got a twitching silver ring
 32539 | D:8      | Identified the ring of Acif {*Tele Str-4 SInv Stlth+} (You
                  | found it on level 8 of the Dungeon)
 32548 | D:8      | Identified the cursed +0 tower shield of Shielding {rPois
                  | Regen+ Str-5} (You found it on level 14 of the Dungeon)
 32548 | D:8      | Lost strength.
 32714 | Orc:1    | Entered Level 1 of the Orcish Mines
 32922 | Orc:2    | Entered Level 2 of the Orcish Mines
 32943 | Orc:2    | Noticed sentinel's ghost (journeyman DDFi)
 32971 | Orc:2    | Found a dark tunnel.
 33021 | Volcano  | Entered a volcano
 33492 | Orc:2    | Found the +1 cloak of Starlight {rElec rC+ EV+4 Stlth--}
 33791 | Orc:2    | Found a runed translucent gate.
 33791 | Orc:2    | Found a runed translucent gate.
 33791 | Orc:2    | Found a runed translucent gate.
 33791 | Orc:2    | Noticed Rupert
 33812 | Orc:2    | Offered knowledge of Freezing Cloud by Vehumet.
 33835 | Orc:2    | Reached XP level 16. HP: 65/90 MP: 3/43
 34236 | Orc:2    | Found a staircase to the Elven Halls.
 34459 | Orc:2    | Found Axifax's Book Boutique.
 34474 | Orc:2    | Found Hysuevor's Food Shop.
 34482 | Orc:2    | Found Suim's Antique Armour Shoppe.
 34490 | Orc:2    | Bought a book of the Tempests for 1050 gold pieces
 34490 | Orc:2    | Bought a book of Transfigurations for 825 gold pieces
 34500 | Orc:2    | Learned a level 9 spell: Shatter
 34507 | Orc:2    | Learned a level 6 spell: Statue Form
 34511 | Orc:2    | Found Giqos's Jewellery Boutique.
 34553 | Orc:2    | Bought a glowing helmet for 225 gold pieces
 35050 | Orc:2    | Killed Rupert
 35259 | Orc:2    | Killed sentinel's ghost
 35592 | Orc:1    | Offered knowledge of Iskenderun's Battlesphere by Vehumet.
 35689 | Orc:1    | You fall into a shaft and drop 1 floor!
 35913 | Elf:1    | Entered Level 1 of the Elven Halls
 35925 | Elf:1    | Reached skill level 22 in Spellcasting
 36245 | Elf:1    | Reached skill level 1 in Axes
 36887 | Elf:1    | Found Zunytebb's Gadget Shop.
 36928 | Elf:1    | Found Soifudd's Antique Weapon Boutique.
 37514 | Elf:1    | Found a large runed translucent door.
 37514 | Elf:1    | Found a large runed translucent door.
 37523 | Elf:1    | Found Qejoumen's Gadget Shoppe.
 37734 | Elf:1    | Noticed Timpihef's ghost (adept OpAK)
 37868 | Elf:2    | Reached XP level 17. HP: 96/96 MP: 38/45
 38054 | Elf:2    | Found Jiyfips's Magic Scroll Emporium.
 38057 | Elf:2    | Bought a scroll of identify for 36 gold pieces
 38057 | Elf:2    | Bought a scroll of identify for 36 gold pieces
 38187 | Elf:2    | Found a runed translucent gate.
 38189 | Elf:2    | Found a runed translucent gate.
 38190 | Elf:2    | Found a runed translucent gate.
 38714 | Elf:2    | Offered knowledge of Conjure Ball Lightning by Vehumet.
 39126 | Elf:2    | HP: 2/126 [deep elf archer/arrow (17)]
 39127 | Elf:2    | Shot with an arrow by a deep elf archer

Illustrated notes

Levels and vault maps discovered:
D:1:      dpeg_arrival_tiny_d, layout_basic
D:2:      layout_rooms
D:3:      minmay_chambers_of_twos, layout_rooms, first_ration,
          kennysheep_jessica_study
D:4:      layout_loops_corners, minitemple
D:5:      kennysheep_spiral_hall, layout_cave_pools, zin_statuary,
          gammafunk_temple_overflow_statue, basic_altar, uniq_sigmund,
          uniq_pikel, uniq_duvessa, uniq_eustachio
D:6:      layout_loops_cross, nicolae_overflow_crystal_walls
D:7:      layout_cave_pools, minmay_temple_entry_gardened_gates,
          gammafunk_ghost_nasty_kobolds, kb_lookout_dungeons_type,
          grunt_ogre_cave, uniq_maggie, uniq_menkaure
D:8:      minmay_bloctagon_deflated, layout_loops_ring, minmay_lindwurm_lava,
          uniq_joseph
D:9:      layout_basic, nicolae_dithmenos_the_darkroom
D:10:     layout_cave_pools, minmay_lair_entry_grove, kennysheep_donut,
          grunt_gozag_statues
D:11:     layout_loops_cross, gauntlet_entry_generic, basic_altar,
          uniq_josephine
D:12:     layout_roguey, uniq_fannar
D:13:     layout_irregular_city, uniq_urug, uniq_erolcha, uniq_azrael,
          uniq_frances
D:14:     wad_guarded_room, layout_rooms, david_vaults_4, enter_bailey_3
D:15:     hangedman_depths_entry_civil_slaughter, layout_stronghold,
          solitary_fountain
Temple:   minmay_freezing_vapour_temple
Lair:1:   beast_lair_carwin_large_3, layout_cave_pods,
          chequers_serial_rivers_micro_d, minmay_shattered_shrine, uniq_sonja,
          uniq_nergalle
Lair:2:   layout_roguey, elwin_shoals_entry_rooms, beast_lair_carwin_2,
          lemuel_fruit_tree
Lair:3:   layout_layer_cave, basic_altar, grunt_megastairs_2
Lair:4:   layout_regular_city, spider_nest_entry_rubble
Lair:5:   layout_gridlike
Lair:6:   hangedman_lair_tendril_chambers, layout_gridlike, slime_altar_1,
          minmay_lair_oklob_bushes, lemuel_fruit_fields
Orc:1:    layout_caves
Orc:2:    st_orc_open, layout_caves, special_room, enter_volcano_1,
          maelrawn_ghost_gauntlet_escape, mines3_lemuel, uniq_rupert
Elf:1:    minmay_elf_arrival_summoners, layout_loops_cross, serial_shops, shop,
          ebering_ghost_disaster_area, minmay_shoptagon
Elf:2:    layout_loops_cross, serial_shops, nicolae_shop_behind_doors

Skill      XL: |  1  2  3  4  5  6  7  8  9 10 11 12 13 14 15 16 17 |
---------------+----------------------------------------------------+-----
Earth Magic    | 4 5 6 7 9 10 12 14 15 17 19 20 21 | 21.6
Spellcasting   | 4 5 6 7 8 11 13 15 17 18 19 20 21 22 | 22.9
Conjurations   | 1 2 3 4 5 6 7 8 9 |  9.1
Hexes          | 1 2 |  2.9
Fighting       | 1 3 5 6 7 8 |  8.1
Air Magic      | 1 2 3 4 |  4.3
Transmutations | 2 |  2.3
Axes           | 1 |  1.4
Short Blades   | |  0.1
Maces & Flails | |  0.1
Dodging        | |  2.4
Stealth        | |  2.4
Fire Magic     | |  0.1
Evocations     | |  0.4

Action                   |  1- 3 |  4- 6 |  7- 9 | 10-12 | 13-15 | 16-18 || total
-------------------------+-------+-------+-------+-------+-------+-------++-------
Melee: Dagger            |    18 |    49 |    13 |       |       |       ||    80
       Unarmed           |     1 |       |       |       |       |       ||     1
       Flail             |       |       |       |    21 |     2 |       ||    23
       Hand axe          |       |       |       |       |    10 |       ||    10
       War axe           |       |       |       |       |    21 |    34 ||    55
 Cast: Sandblast         |    32 |    18 |    58 |    74 |   137 |    43 ||   362
       Stone Arrow       |       |    45 |    81 |   144 |    74 |    14 ||   358
       Slow              |       |     7 |     1 |     4 |     6 |     3 ||    21
       Lee's Rapid Decon |       |       |    29 |   136 |   149 |    50 ||   364
       Iron Shot         |       |       |       |     5 |   251 |    92 ||   348
       Airstrike         |       |       |       |     4 |    32 |    36 ||    72
       Fireball          |       |       |       |       |     6 |       ||     6
       Shatter           |       |       |       |       |       |    21 ||    21
       Statue Form       |       |       |       |       |       |    13 ||    13
       Passwall          |       |       |       |       |       |     1 ||     1
 Abil: Evoke Blink       |       |       |       |     3 |       |       ||     3
       End Transformatio |       |       |       |       |       |     2 ||     2
  Use: Scroll            |       |       |    12 |     5 |    10 |     9 ||    36
       Potion            |       |       |       |     1 |    12 |     5 ||    18
 Stab: Sleeping          |     1 |     2 |     2 |       |     1 |       ||     6
  Eat: Chunk             |     1 |     7 |    18 |    28 |    49 |    16 ||   119
       Ration            |       |     1 |       |       |     3 |     2 ||     6
Armor: Robe              |     4 |     6 |    11 |    29 |    73 |     4 ||   127
       Skin              |       |       |       |       |    13 |   105 ||   118
Dodge: Dodged            |    16 |    44 |    29 |    63 |   180 |   121 ||   453
